 Dungeon Crawl Stone Soup version 0.29-a0-1033-gb6c65ffae6 (webtiles) character file.

Game seed: 1136727146190420380

2079 drpainis the Covert (level 9, -3/35 (37) HPs)
             Began as a Spriggan Enchanter on Aug 15, 2022.
             Was a Plaything of Xom.
             Slain by a wight
             ... wielding a +3 halberd
              (9 damage)
             ... on level 7 of the Dungeon.
             The game lasted 00:15:57 (12651 turns).

drpainis the Covert (Spriggan Enchanter)           Turns: 12651, Time: 00:15:57

HP:   -3/35 (37)    AC:  2    Str: -2 (0)  XL:     9   Next: 6%
MP:   16/18         EV: 24    Int: 18 (20) God:    Xom [..*...]
Gold: 434           SH:  0    Dex: 16      Spells: 8/19 levels left

rFire   + . .      SeeInvis +   l - +3 dagger (chaos)
rCold   . . .      Faith    .   (no shield)
rNeg    . . .      Spirit   .   b - +0 robe
rPois   .          Reflect  .   (helmet restricted)
rElec   .          Harm     .   (no cloak)
rCorr   .          Rampage  .   (gloves unavailable)
Will    +....      Clarity  +   (boots unavailable)
Stlth   ++++++....              c - amulet of the acrobat
HPRegen 0.00/turn               y - +4 ring of evasion
MPRegen 0.16/turn               t - ring of protection from fire

@: inhibited regen, slowed, lost strength, drained, unable to read, unable to
drink, quick
A: very small, no large weapons, unfitting armour, see invisible, speed 3,
antennae 1, thin skeletal structure 1, clarity, clumsy 1, deterioration 1, frail
1, screaming 1, weak 2, inability to drink after injury 1, inability to read
after injury 1
a: Renounce Religion


You were on level 7 of the Dungeon.
You worshipped Xom.
You were a toy of Xom.
You visited 1 branch of the dungeon, and saw 7 of its levels.

You collected 434 gold pieces.

Inventory:

Hand Weapons
 a - a +1 dagger
 l - a +3 dagger of chaos (weapon)
 r - a +3 dagger
 x - a +1 dagger of holy wrath
 E - a +2 dagger of protection
Armour
 b - a +0 robe (worn)
Jewellery
 c - an amulet of the acrobat (around neck)
 p - a ring of resist corrosion
 t - a ring of protection from fire (right hand)
 w - a ring of ice
 y - a +4 ring of evasion (left hand)
Scrolls
 d - 2 scrolls of fog
 f - a scroll of blinking {unknown}
 g - 2 scrolls of enchant armour {unknown}
 h - a scroll of noise {unknown}
 i - a scroll of vulnerability {unknown}
 j - a scroll of immolation {unknown}
 o - 5 scrolls of identify
 s - a scroll of amnesia {unknown}
 B - a scroll of enchant weapon {unknown}
Potions
 e - a potion of cancellation {unknown}
 k - 2 potions of brilliance
 m - a potion of haste {unknown}
 n - 2 potions of curing {unknown}
 q - a potion of berserk rage {unknown}
 u - 2 potions of lignification {unknown}
 v - a potion of resistance {unknown}
 z - a potion of attraction {unknown}
 A - 2 potions of flight {unknown}
 D - 2 potions of magic {unknown}
Miscellaneous
 C - a box of beasts


   Skills:
 + Level 1.9 Fighting
 + Level 4.6 Short Blades
 + Level 5.8 Dodging
 + Level 11.1 Stealth
 + Level 5.9 Spellcasting
 + Level 0.3 Conjurations
 + Level 6.9 Hexes
 + Level 2.4 Ice Magic


You had 8 spell levels left.
You knew the following spells:

 Your Spells              Type           Power      Damage    Failure   Level
a - Ensorcelled Hibernat  Hex/Ice        44%        N/A       2%          2
b - Confusing Touch       Hex            30%        N/A       1%          3
c - Tukima's Dance        Hex            30%        N/A       1%          3
d - Dazzling Flash        Conj/Hex       36%        N/A       9%          3

Your spell library contained the following spells:

 Spells                   Type           Power      Damage    Failure   Level
 Beastly Appendage        Tmut           10%        N/A       12%         1
 Passwall                 Tmut/Erth      4%         N/A       19%         2
 Wereblood                Tmut           5%         N/A       19%         2
 Spider Form              Tmut/Pois      5%         N/A       36%         3
 Swiftness                Air            5%         N/A       36%         3


Dungeon Overview and Level Annotations

Branches:
Dungeon (7/15)             Temple (0/1) D:5

Altars:
Elyvilon
Gozag
Trog
Uskayaw
Xom
Zin


Innate Abilities, Weirdness & Mutations

You are very small and have problems with some larger weapons.
You are too small for most types of armour.
You have supernaturally acute eyesight. (SInv)
You cover ground extremely quickly. (Speed+++)
You have a pair of small antennae on your head.
You have a somewhat thin skeletal structure. (Dex +2, Stealth+)
You possess an exceptional clarity of mind.
You are clumsy. (Dex -2)
Your body sometimes deteriorates upon taking damage.
You are frail. (-10% HP)
You occasionally shout uncontrollably at your foes.
You are very weak. (Str -4)
You occasionally lose the ability to drink potions when taking damage.
You occasionally lose the ability to read scrolls when taking damage.


Message History

2 wights come into view.
You yell at the wight!
Found a glowing scale mail.
A wight comes into view. It is wielding a +3 halberd.
You hit the wight but do no damage. The wight closely misses you.
You hit the wight but do no damage. The wight closely misses you.
The wight hits you with a +0 great sword!
Your body deteriorates!
You feel weakened.
You feel drained.
Casting: Ensorcelled Hibernation (safe; 2% risk of failure)
Confirm with . or Enter, or press ? or * to list all spells.
Your hands begin to glow red.
The wight barely misses you. The wight closely misses you.
The wight completely misses you. x2
Unknown command.
You hit the wight but do no damage. The wight misses you.
The wight closely misses you.
You hit the wight but do no damage.
The wight appears confused.
The wight hits you from afar with a +3 halberd!
Your body deteriorates!
You feel dopey.
The wight closely misses the wight.
You strike the helpless wight from behind!
You impale the wight!!
You destroy the wight!
The wight completely misses you.
Your life force feels restored.
You hit the wight but do no damage. The wight closely misses you.
The wight barely misses you.
An iguana comes into view.
You yell at the iguana!
The iguana hisses angrily.
There is a stone staircase leading up here.
The wight completely misses you. The wight closely misses you.
The iguana closely misses you.
The wight hits you with a +0 long sword.
You feel threatened and lose the ability to read scrolls!
You feel threatened and lose the ability to drink potions!
You feel drained. The iguana bites you!
* * * LOW HITPOINT WARNING * * *
The wight hits you from afar with a +3 halberd!
You die...
Xom is highly amused!

.# #.# ## . #.#..
#. #.#. <.. ...
.... #.#
.#...####l#
#.......@.#####..
.)......z........
#####.###z#####..
# #)# ..# .[.#
....# .....#
##....#


You could see an iguana and 2 wights.

Vanquished Creatures
  A steam dragon (D:5)
  3 ice beasts (D:6)
  A black bear (D:5)
  2 ogres (D:5)
  A centaur (D:5)
  A phantom (D:6)
  2 scorpions
  A necrophage (D:5)
  A wight (D:7)
  A killer bee (D:5)
  3 howler monkeys (D:5)
  4 hounds (D:5)
  2 orc priests
  3 iguanas
  11 orc wizards
  5 gnolls
  7 adders
  A shadow imp (D:5)
  2 white imps (D:5)
  3 ufetubi
  2 worms
  3 dart slugs
  24 orcs
  13 endoplasms
  5 giant cockroaches
  7 goblins
  8 hobgoblins
  6 kobolds
  2 quokkas
  7 ball pythons
  7 bats
  6 frilled lizards
  4 rats
149 creatures vanquished.

Vanquished Creatures (collateral kills)
  A white imp (D:5)
1 creature vanquished.

Vanquished Creatures (others)
  An ogre (D:5)
  A hound (D:5)
  A gnoll bouda (D:5)
  An orc zombie (D:5)
4 creatures vanquished.

Grand Total: 154 creatures vanquished

Notes
Turn   | Place    | Note
-------+----------+-------------------------------------------
     0 | D:1      | drpainis the Spriggan Enchanter began the quest for the
                  | Orb.
     0 | D:1      | Reached XP level 1. HP: 9/9 MP: 5/5
   115 | D:1      | Reached XP level 2. HP: 11/13 MP: 6/6
   171 | D:1      | Found a faded altar of an unknown god.
   220 | D:1      | Prayed at the altar of an unknown god.
   220 | D:1      | Became a worshipper of Xom of Chaos
   351 | D:1      | XOM: silly message
   375 | D:1      | XOM: silly message
   490 | D:1      | XOM: silly message
   612 | D:1      | XOM: silly message
   663 | D:1      | Reached skill level 5 in Stealth
   707 | D:1      | XOM: silly message
  1304 | D:1      | Learned a level 2 spell: Ensorcelled Hibernation
  1324 | D:2      | XOM: silly message
  1335 | D:2      | XOM: cast spell 'Chain of Chaos'
  1352 | D:2      | Reached XP level 3. HP: 16/16 MP: 8/8
  1396 | D:2      | XOM: 3-stop teleportation journey
  1498 | D:2      | XOM: 4-stop teleportation journey
  1596 | D:2      | Found a white marble altar of Elyvilon.
  1829 | D:2      | XOM: give mutation
  1829 | D:2      | Gained mutation: You are partially covered in iridescent
                  | scales. (AC +2) [Xom's grace]
  1864 | D:2      | XOM is BORED!
  1864 | D:2      | XOM: chaos upgrade
  1951 | D:2      | Learned a level 3 spell: Confusing Touch
  2046 | D:2      | XOM: silly message
  2075 | D:2      | XOM: god gift: halberd {god gift}
  2334 | D:3      | Reached skill level 6 in Stealth
  2334 | D:3      | Reached XP level 4. HP: 6/21 MP: 6/9
  2561 | D:3      | XOM: 1-stop teleportation journey
  2646 | D:3      | XOM: silly message
  2946 | D:3      | XOM: silly message
  3016 | D:3      | XOM: silly message
  3431 | D:3      | XOM: scenery: 2 doors open
  3746 | D:3      | XOM: butterfly on damage
  4089 | D:3      | XOM: divination: detect items
  4195 | D:3      | XOM: give mutations
  4195 | D:3      | Gained mutation: You occasionally lose the ability to drink
                  | potions when taking damage. [Xom's mischief]
  4195 | D:3      | Gained mutation: You are weak. (Str -2) [Xom's mischief]
  4195 | D:3      | Gained mutation: You are frail. (-10% HP) [Xom's mischief]
  4263 | D:3      | Reached XP level 5. HP: 17/21 MP: 10/10
  4811 | D:4      | XOM: summons 3 hostile shadow creatures
  4831 | D:4      | XOM: enchant monster (bad)
  4865 | D:4      | XOM: 2-stop teleportation journey
  5143 | D:4      | Found a glowing silver altar of Zin.
  5144 | D:4      | Found a hide-covered altar of Uskayaw.
  5148 | D:4      | XOM: give mutation
  5148 | D:4      | Gained mutation: You occasionally lose the ability to read
                  | scrolls when taking damage. [Xom's mischief]
  5494 | D:4      | Reached skill level 7 in Stealth
  5739 | D:4      | Reached skill level 1 in Ice Magic
  5782 | D:4      | XOM: blink monster(s)
  5945 | D:4      | XOM: enchant monster (good)
  5955 | D:4      | Reached skill level 5 in Hexes
  5955 | D:4      | Reached XP level 6. HP: 22/26 MP: 8/12
  6198 | D:4      | Learned a level 3 spell: Tukima's Dance
  6202 | D:4      | Learned a level 3 spell: Dazzling Flash
  6688 | D:4      | XOM: noise
  6703 | D:4      | XOM: give mutations
  6703 | D:4      | Gained mutation: You sometimes lose the ability to read
                  | scrolls when taking damage. [Xom's mischief]
  6703 | D:4      | Gained mutation: Your body sometimes deteriorates upon
                  | taking damage. [Xom's mischief]
  6719 | D:4      | XOM: butterfly on damage
  6719 | D:4      | XOM: smoke on damage
  7002 | D:5      | Entered Level 5 of the Dungeon
  7093 | D:5      | XOM: 5-stop teleportation journey
  7116 | D:5      | Found a shimmering altar of Xom.
  7116 | D:5      | XOM: 5-stop teleportation journey
  7149 | D:5      | XOM: 1-stop teleportation journey
  7154 | D:5      | Found an opulent altar of Gozag.
  7154 | D:5      | XOM: 4-stop teleportation journey
  7167 | D:5      | XOM: enchant monster (good)
  7192 | D:5      | XOM: smoke on damage
  7430 | D:5      | Reached skill level 1 in Fighting
  7443 | D:5      | XOM: summons friendly shadow imp
  7737 | D:5      | XOM: potion effect (invisibility)
  7743 | D:5      | Reached XP level 7. HP: 29/29 MP: 10/13
  7872 | D:5      | Reached skill level 8 in Stealth
  8363 | D:5      | Found a staircase to the Ecumenical Temple.
  8366 | D:5      | XOM: cast spell 'Statue Form'
  8375 | D:5      | Reached skill level 9 in Stealth
  8801 | D:5      | XOM: give mutations
  8801 | D:5      | Gained mutation: You possess an exceptional clarity of
                  | mind. [Xom's grace]
  8801 | D:5      | Gained mutation: You have a somewhat thin skeletal
                  | structure. (Dex +2, Stealth+) [Xom's grace]
  8873 | D:5      | Found a bloodstained altar of Trog.
  8896 | D:5      | XOM: give mutations
  8896 | D:5      | Gained mutation: You are clumsy. (Dex -2) [Xom's mischief]
  8896 | D:5      | Lost strength.
  8896 | D:5      | Gained mutation: You are very weak. (Str -4) [Xom's
                  | mischief]
  8896 | D:5      | Lost mutation: You sometimes lose the ability to read
                  | scrolls when taking damage. [Xom's mischief]
  8896 | D:5      | Lost mutation: You possess an exceptional clarity of mind.
                  | [Xom's mischief]
  9005 | D:5      | Reached XP level 8. HP: 23/33 MP: 11/15
  9165 | D:5      | XOM: polymorph iguana -> steam dragon
  9291 | D:5      | XOM: scenery: create altars
  9400 | D:5      | XOM: give mutations
  9400 | D:5      | Gained mutation: You have a pair of small antennae on your
                  | head. [Xom's grace]
  9400 | D:5      | Gained mutation: You possess an exceptional clarity of
                  | mind. [Xom's grace]
  9576 | D:5      | Reached skill level 5 in Dodging
  9635 | D:5      | XOM: god gift: scroll labelled QUEH PYOCVUAST {god gift}
  9751 | D:5      | Reached skill level 10 in Stealth
 10030 | D:5      | XOM: cleaving
 10051 | D:5      | XOM: noise
 10147 | D:5      | XOM: give mutation
 10147 | D:5      | Lost mutation: You are partially covered in iridescent
                  | scales. (AC +2) [Xom's mischief]
 10263 | D:5      | XOM: give mutations
 10263 | D:5      | Gained mutation: You occasionally shout uncontrollably at
                  | your foes. [Xom's mischief]
 10263 | D:5      | Gained mutation: Your flesh is heat resistant. (rF+) [Xom's
                  | mischief]
 10263 | D:5      | Lost mutation: Your flesh is heat resistant. (rF+) [Xom's
                  | mischief]
 10318 | D:5      | XOM: cloud trail
 10860 | D:6      | Reached skill level 5 in Spellcasting
 10972 | D:6      | XOM: butterfly on damage
 10987 | D:6      | XOM: scenery: create altars
 11271 | D:6      | XOM: god gift: clear potion {god gift}
 11298 | D:6      | XOM: summons 3 hostile shadow creatures
 11412 | D:6      | XOM: god gift: 5 stones
 11471 | D:6      | XOM: 3-stop teleportation journey
 11497 | D:6      | XOM: cloud trail
 11646 | D:6      | XOM: noise
 11656 | D:6      | XOM: divination: magic mapping
 11676 | D:6      | Reached skill level 11 in Stealth
 11685 | D:6      | XOM: silly message
 11689 | D:6      | XOM: potion effect (invisibility)
 12067 | D:6      | XOM: 2-stop teleportation journey
 12075 | D:6      | Reached XP level 9. HP: 37/37 MP: 15/18
 12114 | D:6      | XOM: 1-stop teleportation journey
 12177 | D:6      | XOM: 6-stop teleportation journey
 12651 | D:7      | Slain by a wight

Illustrated notes

Levels and vault maps discovered:
D:1:      dpeg_arrival_solitude, layout_basic,
          shapermc_ecumenical_altar_mp_highgroup
D:2:      minmay_angry_zag, layout_rooms, basic_altar, st_stairs_13
D:3:      layout_basic, st_stairs_10, hangedman_decor_diamond_cutter
D:4:      cheibrodos_pilgrimage, layout_basic, jmf_multi_god_temple
D:5:      kennysheep_windowed_halls, layout_basic, mainiacjoe_overflow_24_doors,
          mainiacjoe_overflow_concentric_impassable, marbit_many_paths,
          serial_curves, eino_curves_04, eino_curves_03, eino_curves_03
D:6:      layout_basic, nrook_pool_corridor, minmay_misc_feat_cross
D:7:      layout_basic, serial_co_window_serial, co_window_cross_1,
          co_window_of_opportunity_a, co_window_paths_a, co_window_corner_a,
          co_window_corner_a, co_window_cross_4, co_window_corner_ca,
          co_window_unsneaky_path_a, co_window_2corner, co_window_broadway_c,
          co_window_broadway_a, glass_columns_b, glass_columns_a,
          minmay_misc_feat_five

Skill      XL: |  1  2  3  4  5  6  7  8 |
---------------+-------------------------+-----
Hexes          | 4 5 6 |  6.9
Stealth        | 5 6 7 9 11 | 11.1
Dodging        | 3 4 5 |  5.8
Spellcasting   | 3 4 5 |  5.9
Short Blades   | 2 3 4 |  4.6
Ice Magic      | 1 2 |  2.4
Fighting       | 1 |  1.9
Conjurations   | |  0.3

Action                   |  1- 3 |  4- 6 |  7- 9 || total
-------------------------+-------+-------+-------++-------
Melee: Dagger            |   135 |   169 |   171 ||   475
       Punch             |     1 |     2 |       ||     3
 Cast: Ensorcelled Hiber |     6 |    37 |    12 ||    55
       Dazzling Flash    |       |       |     2 ||     2
       Confusing Touch   |       |       |    10 ||    10
       Tukima's Dance    |       |       |     2 ||     2
  Use: Potion            |       |     5 |       ||     5
       Scroll            |       |     3 |     2 ||     5
 Stab: Sleeping          |    19 |    24 |    17 ||    60
       Invisible         |       |     2 |     1 ||     3
       Paralysed         |       |     1 |       ||     1
       Confused          |       |     1 |     6 ||     7
       Distracted        |       |     1 |     3 ||     4
Armor: Robe              |    11 |    25 |     8 ||    44
       Skin              |       |       |     4 ||     4
Dodge: Dodged            |   103 |   129 |   184 ||   416

Table legend: (Time is in decaauts)
 A = Elapsed time spent in this place.
 B = Non-inter-level travel time spent in this place.
 C = Inter-level travel time spent in this place.
 D = Time resting spent in this place.
 E = Time spent auto-exploring this place.
 F = Levels seen in this place.
 G = Mean time per level.
                   A        B        C        D        E       F      G
               +--------+--------+--------+--------+--------+-----+--------+
         Total |  12153 |  11970 |    183 |   6893 |   3342 |   7 | 1736.1 |
       Dungeon |  12153 |  11970 |    183 |   6893 |   3342 |   7 | 1736.1 |
               +--------+--------+--------+--------+--------+-----+--------+

Top non-repeatable levels by time:
     D:5: 3873 daAuts
     D:6: 2356 daAuts
     D:3: 2225 daAuts
     D:4: 1790 daAuts
     D:1: 1065 daAuts
     D:2: 826 daAuts
     D:7: 14 daAuts
